 Dungeon Crawl Stone Soup version 0.30-a0-620-g0e44632947 (webtiles) character file.

Game seed: 15679931688260399279

321 Dartaoz the Conjurer (level 6, -5/50 HPs)
             Began as a Draconian Conjurer on Jan 10, 2023.
             Slain by a gnoll
             ... wielding a +0 halberd
             ... led by a gnoll bouda
              (10 damage)
             ... on level 4 of the Dungeon.
             The game lasted 00:11:22 (3319 turns).

Dartaoz the Conjurer (Draconian Conjurer)           Turns: 3319, Time: 00:11:22

Health: -5/50      AC: 10    Str:  9    XL:     6   Next: 22%
Magic:  2/10       EV:  9    Int: 21    God:
Gold:   143        SH:  0    Dex:  9    Spells: 8/11 levels left

rFire   + . .      SeeInvis .    n - +1 dagger (freeze)
rCold   . . .      Faith    .    (no shield)
rNeg    . . .      Spirit   .    (body armour unavailable)
rPois   .          Reflect  .    (helmet restricted)
rElec   .          Harm     .    (no cloak)
rCorr   .          Rampage  .    (no gloves)
Will    .....                    (no boots)
Stlth   ++                       (no amulet)
HPRegen 0.28/turn                h - +4 ring of protection
MPRegen 0.12/turn                m - ring of protection from fire

@: constricted
A: AC +6, unfitting armour, cold-blooded
a: no special abilities


You were on level 4 of the Dungeon.
You visited 1 branch of the dungeon, and saw 4 of its levels.

You collected 143 gold pieces.

Inventory:

Hand Weapons
 d - a +0 dagger
 n - a +1 dagger of freezing (weapon)
Jewellery
 h - a +4 ring of protection (left hand)
 m - a ring of protection from fire (right hand)
 q - a ring of positive energy
Scrolls
 b - a scroll of fog {unknown}
 j - a scroll of enchant weapon {unknown}
 k - 2 scrolls of noise {unknown}
 l - 5 scrolls of identify
 r - a scroll of teleportation {unknown}
 t - a scroll of enchant armour {unknown}
 u - a scroll of brand weapon {unknown}
Potions
 a - a potion of magic
 c - 2 potions of heal wounds {unknown}
 e - a potion of mutation {unknown}
 f - a potion of brilliance {unknown}
 g - 3 potions of curing
 i - 2 potions of flight {unknown}
 o - a potion of haste {unknown}
 p - a potion of invisibility {unknown}
 s - a potion of degeneration {unknown}


   Skills:
 + Level 2.7 Fighting
 + Level 3.0 Dodging
 + Level 3.2 Stealth
 + Level 3.2 Spellcasting
 + Level 4.9 Conjurations


You had 8 spell levels left.
You knew the following spells:

 Your Spells              Type           Power      Damage    Failure   Level
a - Magic Dart            Conj           96%        1d7       1%          1
b - Searing Ray           Conj           48%        2d6       2%          2

Your spell library contained the following spells:

 Spells                   Type           Power      Damage    Failure   Level
 Dazzling Flash           Conj/Hex       26%        N/A       14%         3
 Fulminant Prism          Conj/Hex       6%         3d7       43%         4
 Iskenderun's Mystic Bla  Conj/Tloc      13%        2d5       43%         4


Dungeon Overview and Level Annotations

Branches:
Dungeon (4/15)
 Temple: D:4-7

Altars:
Okawaru


Innate Abilities, Weirdness & Mutations

Your plain brown scales are hard. (AC +6)
You cannot fit into any form of body armour.
You are cold-blooded and may be slowed by cold attacks.


Message History

The orc priest closely misses you. The orc hits you but does no damage.
The orc hits you with a +0 hand axe.
The gnoll hits you from afar with a +0 halberd!
* * * LOW HITPOINT WARNING * * *
The ball python bites you but does no damage.
The ball python constricts you.
Casting: Magic Dart (safe; 1% risk of failure)
Confirm with . or Enter, or press ? or * to list all spells.
Aiming: Magic Dart (safe; 1% risk of failure)
Press: ? - help, Shift-Dir - straight line, f/p - orc priest
Aim: an orc priest, wielding a +0 morningstar and wearing a +0 leather armour (almost dead, 100% to hit)
The magic dart hits the orc priest.
The orc priest is almost dead.
The ball python barely misses you. The ball python constricts you.
The orc priest calls upon Beogh to heal the orc.
The orc's wounds heal themselves!
The orc hits you but does no damage. The gnoll hits you but does no damage.
The orc hits you but does no damage.
Casting: Magic Dart (safe; 1% risk of failure)
Confirm with . or Enter, or press ? or * to list all spells.
Aiming: Magic Dart (safe; 1% risk of failure)
Press: ? - help, Shift-Dir - straight line, f/p - orc priest
Aim: an orc priest, wielding a +0 morningstar and wearing a +0 leather armour (almost dead, 100% to hit)
The magic dart hits the orc priest but does no damage.
The orc priest is almost dead.
The ball python barely misses you. The ball python constricts you.
The orc priest barely misses you. The gnoll hits you but does no damage.
The orc barely misses you. The orc hits you with a +0 club.
* * * LOW HITPOINT WARNING * * *
The ball python completely misses you. The ball python constricts you.
Casting: Magic Dart (safe; 1% risk of failure)
Confirm with . or Enter, or press ? or * to list all spells.
Aiming: Magic Dart (safe; 1% risk of failure)
Press: ? - help, Shift-Dir - straight line, f/p - orc priest
Aim: an orc priest, wielding a +0 morningstar and wearing a +0 leather armour (almost dead, 100% to hit)
The magic dart hits the orc priest.
You kill the orc priest!
The orc hits you but does no damage. The orc hits you with a +0 club.
* * * LOW HITPOINT WARNING * * *
The gnoll hits you from afar with a +0 halberd!
You die...

.......# ......#
....# ##..# #
##...## ..
##..#..###.#
##og........##.
##)oK.#.<.......
#o@####.#....###
#..S## #.#...##
##.# #.#.#...
..> #.#.###g#
... #.#.# ...
..... #.... ..
.... ... ... ##
.. .... .......
##!. .....#..
.....


You could see a gnoll, 3 orcs, a ball python and a kobold.

Vanquished Creatures
  A scorpion (D:4)
  A hound (D:3)
  An orc priest (D:4)
  Jessica (D:3)
  Natasha (thrice) (D:3)
  Robin (D:3)
  2 adders (D:3)
  A gnoll (D:3)
  2 worms (D:2)
  3 dart slugs
  2 orcs
  6 endoplasms
  2 giant cockroaches (D:1)
  16 goblins
  4 hobgoblins
  4 jackals (D:1)
  2 quokkas
  6 ball pythons
  7 bats
  4 frilled lizards
  7 kobolds
  4 rats
80 creatures vanquished.

Notes
Turn   | Place    | Note
-------+----------+-------------------------------------------
     0 | D:1      | Dartaoz the Draconian Conjurer began the quest for the Orb.
     0 | D:1      | Reached XP level 1. HP: 14/14 MP: 3/3
   206 | D:1      | Reached XP level 2. HP: 20/20 MP: 0/5
   460 | D:1      | Learned a level 2 spell: Searing Ray
   937 | D:1      | Reached XP level 3. HP: 27/27 MP: 4/6
  1150 | D:2      | Found a faded altar of an unknown god.
  1196 | D:2      | Reached skill level 1 in Fighting
  2050 | D:3      | Reached XP level 4. HP: 35/35 MP: 5/7
  2208 | D:3      | Noticed Natasha
  2213 | D:3      | Killed Natasha
  2298 | D:3      | Noticed Natasha
  2302 | D:3      | Killed Natasha
  2481 | D:3      | Reached XP level 5. HP: 41/41 MP: 6/9
  2571 | D:3      | Noticed Jessica
  2577 | D:3      | Killed Jessica
  2679 | D:3      | Noticed Natasha
  2683 | D:3      | Killed Natasha
  2744 | D:3      | Noticed Robin
  2775 | D:3      | Killed Robin
  2963 | D:3      | Found an iron altar of Okawaru.
  3102 | D:4      | Reached XP level 6. HP: 50/50 MP: 4/10
  3319 | D:4      | Slain by a gnoll

Illustrated notes

Levels and vault maps discovered:
D:1:      zaba_arrival_water, layout_loops_ring, serial_bayou_lagoon_a,
          minivault_27
D:2:      layout_rooms, nicolae_ecumenical_oubliette, kennysheep_generic_room_14
D:3:      layout_rooms, okawaru_ov_weapons_minmay, kennysheep_nondescript,
          kennysheep_generic_room_5, uniq_natasha, uniq_robin, uniq_jessica
D:4:      layout_rooms, zin_academy, nicolae_overflow_hidden_temple,
          minmay_temple_entry_antechambers, gup_ossuary_entry_pyramid,
          uniq_crazy_yiuf_cottage

Skill      XL: |  1  2  3  4  5 |
---------------+----------------+-----
Stealth        | 2 3 |  3.2
Dodging        | 2 3 |  3.0
Fighting       | 1 2 |  2.7
Spellcasting   | 3 |  3.2
Conjurations   | |  4.9

Action                   |  1- 3 |  4- 6 || total
-------------------------+-------+-------++-------
Melee: Unarmed           |    17 |       ||    17
       Dagger            |    10 |     9 ||    19
       Tailslap          |     2 |     1 ||     3
 Cast: Magic Dart        |    92 |    52 ||   144
       Searing Ray       |       |     9 ||     9
  Use: Scroll            |       |     1 ||     1
Armor: Skin              |    14 |    31 ||    45
Dodge: Dodged            |    25 |    33 ||    58

Table legend: (Time is in decaauts)
 A = Elapsed time spent in this place.
 B = Non-inter-level travel time spent in this place.
 C = Inter-level travel time spent in this place.
 D = Time resting spent in this place.
 E = Time spent auto-exploring this place.
 F = Levels seen in this place.
 G = Mean time per level.
                   A        B        C        D        E       F      G
               +--------+--------+--------+--------+--------+-----+--------+
         Total |   3330 |   3235 |     95 |    116 |   2605 |   4 |  832.5 |
       Dungeon |   3330 |   3235 |     95 |    116 |   2605 |   4 |  832.5 |
               +--------+--------+--------+--------+--------+-----+--------+

Top non-repeatable levels by time:
     D:3: 1258 daAuts
     D:1: 1192 daAuts
     D:2: 808 daAuts
     D:4: 70 daAuts
